Map: Berlingrad LE

Players

Raimnest

  • Race: Protoss Protoss
  • League: Silver
  • Spawn Location: 11:00

Worawit - Winner!

  • Race: Zerg Zerg
  • League: Silver
  • Spawn Location: 5:00

VOD

Have the link to the VOD?

Description

Time

  • Played on: July 4, 2022, 1:56 p.m.
  • Length: 11:06
Show
View Real Time Build Order
Export as new Build Order

Raimnest Protoss 

Build Orders: 1 Gate Expand, Archon Immortal 

Get SALT Encoding   

  12  0:02  Probe  
  13  0:17  Pylon  
  13  0:32  Probe  
  14  0:40  Gateway  
  14  0:44  Probe  
  15  0:57  Probe  
  16  1:09  Probe  
  17  1:18  Nexus  
  17  1:32  Cybernetics Core  
  16  1:33  Probe  
  17  1:45  Probe  
  18  1:49  Pylon  
  18  1:51  Assimilator  
  18  1:55  Assimilator  
  18  2:02  Probe  
  19  2:14  Probe  
  20  2:23  Warp Gate (Chrono Boost)  
  20  2:24  Gateway  
  20  2:26  Probe  
  21  2:34  Gateway  
  21  2:37  Probe  
  22  2:41  Probe  
  23  2:49  Stalker  
  25  2:53  Probe (Chrono Boost)  
  26  3:00  Probe (Chrono Boost)  
  28  3:05  Probe (Chrono Boost)  
  28  3:11  Probe (Chrono Boost)  
  29  3:13  Probe (Chrono Boost)  
  29  3:15  Probe (Chrono Boost)  
  31  3:20  Probe  
  31  3:23  Robotics Facility  
  31  3:26  Stalker (Chrono Boost)  
  32  3:31  Probe  
  32  3:33  Probe  
  36  3:43  Probe (Chrono Boost)  
  36  3:45  Probe (Chrono Boost)  
  39  3:55  Probe (Chrono Boost)  
  39  3:57  Assimilator  
  39  3:58  Probe (Chrono Boost)  
  39  3:59  Assimilator  
  40  4:04  Probe (Chrono Boost)  
  40  4:05  Probe (Chrono Boost)  
  40  4:07  Twilight Council  
  42  4:12  Gateway, Probe  
  42  4:15  Gateway  
  42  4:16  Probe  
  44  4:24  Probe  
  44  4:28  Probe  
  46  4:52  Pylon  
  46  4:55  Pylon  
  46  4:56  Charge  
  46  4:58  Pylon  
  46  5:00  Pylon  
  46  5:03  Forge  
  46  5:10  Observer (Chrono Boost), Probe x2  
  49  5:22  Probe  
  50  5:28  Immortal (Chrono Boost)  
  50  5:30  Zealot x4  
  50  5:31  Zealot  
  64  5:36  Pylon  
  64  5:37  Protoss Ground Weapons Level 1  
  64  5:38  Pylon  
  64  5:41  Pylon  
  64  5:45  Pylon  
  64  5:54  Templar Archives  
  64  5:57  Zealot x5  
  74  6:09  Gateway  
  74  6:10  Gateway  
  74  6:18  Gateway  
  74  6:20  Gateway  
  74  6:37  High Templar x5  
  74  6:38  Immortal (Chrono Boost)  
  84  6:45  Archon x2  
  88  7:16  Immortal (Chrono Boost)  
  92  7:28  Zealot x2  
  92  7:29  Zealot x5  
  106  7:30  Zealot x2  
  110  7:46  Protoss Ground Armor Level 1  
  110  7:53  Warp Prism (Chrono Boost)  
  96  8:07  Gateway  
  96  8:08  Gateway  
  96  8:09  Gateway  
  96  8:29  Immortal (Chrono Boost)  
  96  8:33  Templar Archives  
  78  8:49  Zealot x2  
  78  8:50  Zealot x4  
  78  8:51  Zealot  
  92  8:59  Immortal (Chrono Boost)  
  96  9:39  Nexus  
  96  9:59  Pylon  
  96  10:00  Pylon  
  96  10:06  Pylon  
  96  10:08  Pylon  
  62  10:21  Zealot x4  
  50  10:22  Zealot x4  
  50  10:27  Probe x2  
  66  10:39  Probe x2  
  54  10:47  Zealot x5  
  54  10:48  Zealot x4  
Show
View Real Time Build Order
Export as new Build Order

Worawit Zerg - Winner!

Build Orders: Hatch First, Swarm Host 

Get SALT Encoding   

  12  0:00  Drone  
  13  0:13  Overlord  
  13  0:18  Drone  
  14  0:33  Drone x2  
  14  0:35  Drone  
  17  0:55  Hatchery  
  16  1:01  Drone x2  
  18  1:14  Extractor  
  18  1:17  Spawning Pool  
  16  1:23  Drone  
  17  1:26  Drone  
  18  1:36  Drone  
  19  1:46  Overlord  
  19  1:56  Drone  
  20  2:06  Drone  
  20  2:07  Queen x2  
  25  2:09  Drone  
  25  2:13  Drone  
  27  2:18  Drone  
  27  2:20  Metabolic Boost  
  28  2:23  Extractor  
  28  2:29  Drone  
  28  2:30  Drone  
  28  2:34  Drone  
  30  2:41  Drone  
  31  2:52  Drone x2, Extractor x2  
  31  2:57  Lair  
  31  3:01  Drone x2  
  33  3:07  Overlord  
  33  3:18  Overlord  
  33  3:19  Overlord  
  33  3:21  Pneumatized Carapace  
  33  3:25  Drone x2  
  33  3:26  Drone x2  
  37  3:30  Drone  
  37  3:31  Drone  
  39  3:37  Overlord  
  39  3:38  Drone  
  40  3:53  Drone  
  40  3:54  Drone x6  
  47  4:02  Overseer  
  47  4:10  Overlord x2  
  47  4:11  Overlord  
  47  4:14  Infestation Pit  
  46  4:17  Nydus Network  
  45  4:36  Spine Crawler  
  45  4:37  Spine Crawler  
  43  4:42  Drone  
  43  4:43  Drone x6  
  50  4:48  Spine Crawler x2  
  48  4:53  Drone  
  48  4:54  Queen x2  
  53  5:18  Drone x7  
  60  5:24  Overlord x3  
  60  5:30  Queen  
  62  5:42  Spine Crawler  
  61  5:44  Spine Crawler  
  61  5:45  Spine Crawler  
  59  5:52  Swarm Host  
  59  5:53  Swarm Host x5  
  77  6:01  Queen  
  79  6:06  Queen  
  81  6:16  Swarm Host x5  
  96  6:30  Evolution Chamber  
  96  6:31  Evolution Chamber  
  94  6:46  Nydus Canal  
  94  6:48  Swarm Host x7  
  94  6:49  Overlord  
  115  7:01  Nydus Canal  
  115  7:10  Overlord x3  
  115  7:15  Swarm Host  
  118  8:00  Nydus Canal  
  118  8:16  Zerg Missile Weapons Level 1, Zerg Ground Armor Level 1  
  118  8:17  Swarm Host x6  
  136  8:24  Nydus Canal  
  136  8:49  Nydus Canal  
  136  9:06  Drone, Spine Crawler  
  136  9:07  Drone x5, Spine Crawler x4  
  136  9:08  Overseer  
  136  9:09  Spine Crawler  
  136  9:26  Nydus Canal  
  133  9:48  Overlord x5  
  133  10:27  Nydus Canal  
  133  10:30  Swarm Host  
  133  10:31  Swarm Host x5  
Tags
 
Add a new tag
Caveats
  • Supply blocks, unpowered buildings, or Contaminate may cause inaccurate times.
  • Supply counts are checked every 10 seconds.